Map: Iron Fortress LE (Void)

Players

Bop - Winner!

  • Race: Terran Terran

paRiah

  • Race: Zerg Zerg

VOD

Have the link to the VOD?

Description

Time

  • Played on: May 3, 2015, 9:52 p.m.
  • Length: 14:27
Show
View Real Time Build Order
Export as new Build Order

Bop Terran - Winner!

Build Orders: Command Center First (CC), Mech, Siege Tank Drop 

Get SALT Encoding   

  12  0:01  SCV  
  13  0:13  SCV  
  14  0:22  Supply Depot  
  14  0:25  SCV  
  15  0:43  SCV  
  16  0:56  SCV  
  17  1:08  SCV  
  17  1:11  Command Center  
  18  1:20  SCV  
  19  1:32  SCV  
  20  1:34  Barracks  
  20  1:44  SCV  
  21  1:56  SCV  
  21  1:57  Refinery x2  
  22  2:08  SCV  
  23  2:17  Supply Depot  
  24  2:25  Orbital Command  
  24  2:26  Orbital Command  
  23  2:39  Marine  
  23  2:42  Factory  
  24  2:53  SCV x2  
  24  2:56  Marine  
  27  3:05  SCV x2  
  29  3:12  Bunker  
  29  3:17  SCV x2, Marine  
  32  3:26  Starport  
  32  3:27  Factory Tech Lab  
  32  3:30  SCV x2  
  34  3:34  Refinery x2  
  34  3:42  SCV x2  
  35  3:54  SCV x2  
  37  3:56  Siege Tank, Marine  
  41  4:06  SCV x2  
  43  4:14  Command Center, Medivac  
  45  4:21  Marine  
  46  4:27  Supply Depot  
  46  4:28  Supply Depot  
  46  4:41  Supply Depot, SCV  
  46  4:48  SCV, Siege Tank  
  50  4:53  SCV  
  50  4:55  Medivac  
  50  4:56  Marine  
  54  5:01  SCV  
  54  5:05  SCV  
  56  5:13  SCV  
  57  5:17  SCV  
  57  5:18  Factory x2  
  57  5:21  Siege Tank  
  61  5:22  Armory  
  61  5:25  SCV, Medivac  
  64  5:29  SCV  
  65  5:36  Orbital Command  
  65  5:37  SCV  
  66  5:43  SCV  
  66  5:48  Supply Depot  
  66  5:49  SCV, Supply Depot  
  68  5:50  Marine  
  68  5:55  SCV  
  70  5:57  Command Center  
  70  6:10  Thor  
  76  6:13  Factory Tech Lab, Factory Reactor  
  76  6:19  Marine  
  76  6:21  Starport Reactor  
  77  6:27  SCV x3  
  77  6:32  Missile Turret  
  80  6:34  Missile Turret  
  80  6:35  Missile Turret  
  80  6:37  Terran Vehicle and Ship Weapons Level 1  
  80  6:39  SCV x2  
  82  6:51  SCV x2  
  82  6:52  SCV  
  82  6:54  Thor  
  85  6:55  Hellion x2  
  85  6:57  Command Center  
  95  7:05  SCV  
  96  7:09  Supply Depot  
  96  7:17  Supply Depot  
  96  7:18  Supply Depot  
  96  7:20  Siege Tank  
  96  7:21  Hellion x2  
  103  7:28  Infernal Pre-Igniter  
  103  7:29  Unknown  
  103  7:30  Orbital Command  
  103  7:37  Siege Tank  
  103  7:42  Hellion  
  103  7:43  Hellion  
  110  7:48  Viking x2  
  107  7:52  Siege Tank  
  107  7:59  Orbital Command  
  107  8:10  Missile Turret  
  107  8:12  Missile Turret x2  
  107  8:13  Armory  
  107  8:15  Missile Turret  
  106  8:20  Siege Tank  
  106  8:21  Viking  
  106  8:24  Orbital Command  
  111  8:35  Siege Tank, Missile Turret  
  114  8:43  Fusion Core  
  113  8:54  Factory  
  113  8:55  Factory  
  111  8:57  Missile Turret  
  111  8:58  Missile Turret  
  111  8:59  Refinery, Missile Turret  
  111  9:07  Terran Vehicle And Ship Armor Level 1  
  111  9:09  Refinery  
  111  9:15  Siege Tank  
  114  9:18  SCV x2  
  114  9:19  SCV  
  117  9:31  Hellion x2  
  107  9:33  Viking x2  
  109  9:42  Factory Reactor  
  109  9:44  Factory Reactor  
  93  9:53  Thor  
  87  10:03  Factory Tech Lab, Missile Turret  
  87  10:04  Terran Vehicle and Ship Weapons Level 2, Missile Turret  
  87  10:06  Supply Depot  
  87  10:08  Viking  
  89  10:14  Command Center  
  89  10:15  Widow Mine x2  
  89  10:19  Viking  
  95  10:31  Thor  
  95  10:33  Widow Mine  
  95  10:34  Widow Mine  
  105  10:46  Orbital Command  
  105  10:47  Widow Mine x2  
  109  10:58  Thor  
  109  11:02  Refinery x2, Missile Turret  
  109  11:03  Missile Turret x2  
  115  11:07  Thor  
  115  11:08  Widow Mine x2  
  125  11:16  Missile Turret  
  125  11:18  Viking  
  125  11:19  Viking  
  129  11:27  Widow Mine x2  
  129  11:32  Orbital Command  
  133  11:35  Thor  
  133  11:39  Hellion  
  143  11:40  Hellion  
  143  11:46  Thor  
  149  11:48  Viking  
  151  11:56  Hellion x2  
  151  12:01  Hellion x2  
  159  12:02  Command Center  
  159  12:03  Unknown  
  159  12:06  Cyclone  
  157  12:17  Hellion  
  158  12:27  Refinery  
  158  12:30  Missile Turret  
  158  12:32  Cyclone x2, Widow Mine x3  
  170  12:41  Missile Turret  
  170  12:43  Missile Turret  
  170  12:46  Cyclone  
  170  12:51  Hellion  
  173  13:04  Cyclone  
  176  13:07  Hellion  
  177  13:14  Cyclone, Hellion x2  
  177  13:18  Cyclone  
  186  13:23  Hellion  
  188  13:28  Hellion  
  190  13:35  Widow Mine  
  192  13:49  Supply Depot  
  192  13:51  Supply Depot  
  197  14:27  Armory  
Show
View Real Time Build Order
Export as new Build Order

paRiah Zerg 

Build Orders: Hatch First 

Get SALT Encoding   

  12  0:01  Drone  
  13  0:12  Overlord  
  13  0:18  Drone  
  14  0:23  Drone, Extractor  
  15  0:32  Drone  
  15  0:35  Drone  
  17  0:46  Drone  
  18  0:55  Hatchery  
  17  0:59  Drone  
  17  1:01  Extractor  
  17  1:07  Drone  
  18  1:15  Spawning Pool  
  18  1:18  Drone  
  18  1:28  Drone  
  19  1:39  Drone  
  20  1:54  Overlord  
  20  2:02  Drone  
  20  2:07  Metabolic Boost, Queen  
  23  2:08  Queen  
  23  2:12  Drone x2  
  27  2:19  Drone  
  28  2:23  Zergling x2  
  29  2:30  Zergling x2  
  29  2:34  Zergling x2  
  31  2:41  Zergling x2  
  31  2:42  Queen  
  34  2:44  Queen  
  36  2:54  Overlord x2  
  36  3:03  Hatchery  
  35  3:07  Drone  
  36  3:13  Drone x3  
  40  3:20  Drone x4  
  40  3:25  Drone  
  40  3:26  Drone  
  45  3:29  Overlord  
  45  3:38  Drone  
  45  3:39  Drone x3  
  49  3:42  Extractor x2  
  49  3:45  Drone  
  47  3:58  Overlord  
  46  4:07  Lair  
  46  4:09  Queen  
  47  4:13  Drone  
  47  4:14  Drone x6, Spore Crawler  
  54  4:24  Zergling x10  
  58  4:31  Spore Crawler  
  58  4:33  Extractor  
  58  4:37  Drone  
  58  4:38  Evolution Chamber x2, Drone  
  56  4:41  Drone x2  
  58  5:05  Drone x10  
  58  5:06  Spore Crawler  
  66  5:11  Overseer  
  66  5:14  Zergling x2  
  66  5:15  Zergling x8  
  71  5:22  Overlord x2  
  71  5:38  Overlord  
  71  5:39  Overlord  
  71  5:46  Drone x7  
  71  5:48  Extractor  
  71  5:49  Extractor  
  76  5:53  Drone x2  
  78  6:03  Hatchery  
  73  6:04  Spire  
  69  6:16  Zergling x20  
  68  6:35  Drone  
  66  6:40  Hatchery  
  65  6:49  Drone x3  
  67  7:15  Mutalisk  
  67  7:16  Mutalisk x14  
  97  7:24  Overlord x2  
  97  7:25  Overlord x2  
  96  7:38  Overlord x2  
  96  7:40  Extractor, Queen  
  96  7:42  Extractor, Queen  
  98  7:51  Drone  
  98  7:52  Drone x8  
  107  8:01  Hatchery  
  106  8:07  Drone x3  
  106  8:09  Drone x2  
  106  8:10  Drone  
  112  8:18  Drone x2  
  112  8:19  Drone  
  115  8:24  Drone x3  
  118  8:29  Zerg Melee Weapons Level 1  
  118  8:30  Zerg Ground Armor Level 1  
  118  8:51  Mutalisk x5  
  118  8:52  Mutalisk x4  
  130  9:07  Overseer  
  130  9:11  Overlord  
  130  9:19  Mutalisk  
  130  9:20  Mutalisk x7  
  140  9:24  Drone x2  
  140  9:25  Drone x5  
  140  9:31  Mutalisk x2  
  135  9:36  Mutalisk  
  137  9:39  Drone x5  
  137  9:40  Drone x2  
  132  9:52  Mutalisk  
  132  9:53  Drone  
  132  9:54  Drone x4  
  137  10:02  Drone  
  137  10:06  Drone x5, Extractor  
  137  10:07  Drone x4  
  145  10:24  Zerg Ground Armor Level 2, Zerg Melee Weapons Level 2  
  145  10:25  Infestation Pit  
  144  10:37  Extractor  
  144  10:39  Zergling x2  
  144  10:41  Extractor  
  143  10:43  Overlord x2  
  143  10:44  Overlord x5  
  143  10:54  Hatchery, Overlord x2  
  143  10:55  Drone x3  
  143  10:56  Drone x2  
  147  11:02  Hive  
  147  11:06  Spire  
  147  11:08  Spire  
  144  11:26  Burrow  
  144  11:40  Pathogen Glands  
  144  11:51  Spine Crawler  
  143  11:58  Zerg Flyer Weapons Level 1  
  131  12:28  Spine Crawler  
  131  12:29  Spine Crawler  
  129  12:32  Corruptor x14, Spine Crawler  
  129  12:33  Corruptor x5  
  166  12:43  Greater Spire  
  166  12:52  Extractor  
  166  12:53  Hatchery  
  166  12:56  Extractor  
  166  12:58  Extractor x2  
  158  13:18  Infestor x6  
  152  13:57  Overlord x4, Corruptor x3  
  152  13:58  Overlord x3  
Tags
 
Add a new tag
Caveats
  • Supply blocks, unpowered buildings, or Contaminate may cause inaccurate times.
  • Supply counts are checked every 10 seconds.